 Dungeon Crawl Stone Soup version 0.27.0-1-g7a089689b8 (webtiles) character file.

Game seed: 1873469564431641499

10473 EnegeticOcto the Cleaver (level 11, -1/100 HPs)
             Began as a Deep Dwarf Fighter on Aug 8, 2021.
             Was a Priest of Makhleb.
             Slain by an ettin (11 damage)
             ... on level 11 of the Dungeon.
             The game lasted 00:04:45 (6850 turns).

EnegeticOcto the Cleaver (Deep Dwarf Fighter)       Turns: 6850, Time: 00:04:46

Health: -1/100     AC: 19    Str: 25    XL:     11   Next: 36%
Magic:  13/13      EV:  6    Int:  4    God:    Makhleb [***...]
Gold:   122        SH: 11    Dex: 12    Spells: 10/10 levels left

rFire    . . .     SeeInvis .   w - +3 war axe (elec)
rCold    + . .     Faith    .   c - +0 kite shield
rNeg     . . .     Spirit   .   m - +0 plate armour
rPois    +         Reflect  .   (no helmet)
rElec    .         Harm     .   e - +0 cloak
rCorr    .         Rampage  .   n - +0 pair of gloves
Will     ++...                  r - +1 pair of boots of the Sun {rC+ Regen+ Str+2}
Stlth    ..........             (no amulet)
HPRegen  0.00/turn              i - ring "Xasukkiu" {+Blink rPois Will+ Int-5}
MPRegen  0.13/turn              (no ring)

@: no status effects
A: damage resistance, heal wounds, sense surroundings 2, no regeneration
a: Heal Wounds, Renounce Religion, Evoke Blink, Minor Destruction, Lesser
Servant of Makhleb


You were on level 11 of the Dungeon.
You worshipped Makhleb.
Makhleb was most pleased with you.
You visited 1 branch of the dungeon, and saw 11 of its levels.

You collected 482 gold pieces.
You spent 360 gold pieces at shops.

Inventory:

Hand Weapons
 a - a +1 war axe of draining
 w - a +3 war axe of electrocution (weapon)
Missiles
 j - a throwing net
Armour
 c - a +0 kite shield (worn)
 e - a +0 cloak (worn)
 m - a +0 plate armour (worn)
 n - a +0 pair of gloves (worn)
 r - the +1 pair of boots of the Sun (worn) {rC+ Regen+ Str+2}
   (You found it on level 4 of the Dungeon)

   Str:       It affects your strength (+2).
   rC:        It protects you from cold.
   Regen:     It increases your rate of health regeneration.
Jewellery
 b - an amulet of guardian spirit
 i - the ring "Xasukkiu" (left hand) {+Blink rPois Will+ Int-5}
   (You acquired it on level 5 of the Dungeon)

   [ring of poison resistance]

   Int:       It affects your intelligence (-5).
   rPois:     It protects you from poison.
   +Blink:    It lets you blink.
   Will:      It increases your willpower.
Scrolls
 f - a scroll of silence
 l - a scroll of fog
 q - 3 scrolls of teleportation {@r3}
 y - a scroll of enchant armour {unknown}
Potions
 d - 2 potions of might {@q3}
 g - a potion of invisibility
 h - 2 potions of haste {@q4}
 k - a potion of curing {@q1}
 o - 4 potions of lignification {unknown}
 p - a potion of heal wounds {@q2}
 s - 3 potions of mutation
 t - 2 potions of attraction {unknown}
 u - a potion of resistance {unknown}
 v - 3 potions of ambrosia {unknown}
 x - a potion of berserk rage {unknown}
 z - a potion of magic {unknown}


   Skills:
 + Level 7.5 Fighting
 * Level 11.9 Axes
 + Level 9.2 Armour
 + Level 7.1 Shields
 + Level 9.6 Invocations


You had 10 spell levels left.
You didn't know any spells.
Your spell library was empty.

Dungeon Overview and Level Annotations

Branches:
Dungeon (11/15)            Temple (0/1) D:5            Lair (0/6) D:11
    Orc (0/2) D:10

Altars:
Ashenzari
Dithmenos
Elyvilon
Fedhas
Kikubaaqudgha
Makhleb
Okawaru
Ru
Sif Muna
Uskayaw
Xom
Zin
The Shining One

Shops:
D:6 *   D:8 ?*(*   D:10 !

Annotations:
D:9 3 runed translucent doors


Innate Abilities, Weirdness & Mutations

You are resistant to damage.
You can heal yourself by infusing magical energy.
You passively map the area around you.
You do not regenerate.


Message History

You swap places.
There is an open door here.
As you open the door, it creaks loudly!
There is an open door here.
You open the door.
A cyclops and a zombie come into view.
The cyclops shouts!
You hear an angry hiss.
You hear a roar!
You hear two shouts!
There are monsters nearby!
A komodo dragon and a boulder beetle come into view.
The komodo dragon hisses angrily.
An acid dragon comes into view.
The cyclops throws a large rock.
The large rock hits you.
The boulder beetle leaps!
A wraith comes into view.
The boulder beetle moves out of view.
There is an open door here.
An ettin comes into view. It is wielding two +0 dire flails.
The centaur warrior zombie hits you.
The centaur warrior zombie kicks you but does no damage.
You slash the centaur warrior zombie!
The centaur warrior zombie is lightly damaged.
You hit the cyclops but do no damage. The cyclops hits you.
You block the centaur warrior zombie's attack. x2
The acid dragon spits acid at you. You block the splash of acid.
You hear a roar!
You slash the centaur warrior zombie!
The centaur warrior zombie is moderately damaged.
You slash the cyclops!
Your smoke demon gestures at the centaur warrior zombie.
The centaur warrior zombie is smitten.
The boulder beetle curls into a ball and begins rolling!
The acid dragon spits acid at you.
The splash of acid hits you but does no damage.
You are splashed with acid!
You block the cyclops's attack.
You slash the cyclops! Lightning courses through the cyclops!
The cyclops is severely wounded.
You barely miss the komodo dragon. You block the komodo dragon's attack.
A five-headed hydra comes into view.
The cyclops hits you.
The five-headed hydra roars!
You hit the cyclops.
The cyclops is severely wounded.
You hit the komodo dragon. You block the komodo dragon's attack.
The acid dragon spits acid at you. You block the splash of acid.
You hit the cyclops.
The cyclops is almost dead.
You hit the komodo dragon. You block the komodo dragon's attack.
The cyclops closely misses you.
The boulder beetle stops rolling and uncurls.
You slash the cyclops! Lightning courses through the cyclops!
You kill the cyclops!
Makhleb accepts your kill.
You hit the komodo dragon. You block the komodo dragon's attack.
The ettin hits you but does no damage. x2
You slash the komodo dragon!
Lightning courses through the komodo dragon!!
The komodo dragon is severely wounded.
You closely miss the wraith. You hit the ettin. The wraith closely misses you.
You block the komodo dragon's attack.
The ettin hits you with a +0 dire flail. x2
You hit the komodo dragon but do no damage.
The komodo dragon is severely wounded.
Your shield prevents you from hitting the ettin.
You hit the wraith. Lightning courses through the wraith!
You block the wraith's attack. The komodo dragon bites you.
The boulder beetle leaps!
The ettin closely misses you. You block the ettin's attack.
You closely miss the komodo dragon.
The komodo dragon is severely wounded.
You slash the ettin! Lightning courses through the ettin!!
You hit the wraith but do no damage. The wraith hits you!
The komodo dragon barely misses you.
The boulder beetle leaps!
You block the ettin's attack.
The ettin hits you with a +0 dire flail!
You hit the komodo dragon but do no damage.
The komodo dragon is severely wounded.
You hit the wraith. You barely miss the ettin.
The wraith hits you but does no damage.
The komodo dragon bites you but does no damage.
The boulder beetle leaps!
The ettin barely misses you.
The ettin hits you with a +0 dire flail.
You hit the komodo dragon but do no damage.
Lightning courses through the komodo dragon!
The komodo dragon is almost dead.
You hit the ettin but do no damage. You hit the wraith but do no damage.
Lightning courses through the wraith! The wraith closely misses you.
The komodo dragon barely misses you.
The ettin hits you with a +0 dire flail!! x2
* * * LOW HITPOINT WARNING * * *
You are too injured to fight recklessly!
You are too injured to fight recklessly!
You are too injured to fight recklessly!
You are too injured to fight recklessly!
You fail to use your ability.
The wraith barely misses you. You block the komodo dragon's attack.
The boulder beetle leaps!
The ettin hits you with a +0 dire flail!
You die...

, * + * *
#...#.* .#*
8...8.# 8.8*
*, .......
#.# ,
,,.......*#.#
....... #.##
....... 8.8#
,.....Zl##.#
* ..⌠.°DC@3.#
, *
......W##.##
*,,,
......D#8.8#
......°##.##
,,, , .......
#.# * *
,.......##.##
* **
8...8.##8.8#
*
,#...#.*##.##
, ##+#+#+#
###.#


You could see a five-headed hydra, an ettin, a komodo dragon, a wraith, an acid
dragon, a centaur warrior zombie (ally target) and a friendly smoke demon
(summoned).

Vanquished Creatures
  Gastronok (D:11)
  A boulder beetle (D:11)
  A two-headed ogre (D:10)
  A cyclops (D:11)
  A troll (D:10)
  A hornet (D:9)
  Prince Ribbit (D:5)
  15 yaks
  A wyvern (D:9)
  A steam dragon (D:5)
  2 water moccasins
  An acid dragon (D:10)
  2 orc warriors
  An ice beast (D:6)
  A hornet zombie (D:9)
  2 black bears
  3 ogres
  3 centaurs
  4 bullfrogs
  4 scorpions
  A wyvern zombie (D:6)
  A water moccasin skeleton (D:4)
  3 wights (D:8)
  6 killer bees (D:9)
  3 howler monkeys (D:10)
  4 centaur zombies
  A hound (D:6)
  A centaur skeleton (D:4)
  A jelly (D:7)
  10 orc priests
  A gnoll shaman (D:7)
  4 iguanas
  Ijyb (D:5)
  7 orc wizards
  10 gnolls
  7 adders
  2 shadow imps (D:5)
  An ufetubus (D:6)
  An adder zombie (D:5)
  A dart slug (D:4)
  22 orcs
  5 bats
  9 endoplasms
  2 giant cockroaches
  6 goblins
  3 hobgoblins
  7 jackals
  A quokka (D:1)
  4 ball pythons
  3 frilled lizards
  6 kobolds
  4 rats
185 creatures vanquished.

Vanquished Creatures (others)
  30 fungi (D:11)
  29 plants (D:11)
59 creatures vanquished.

Grand Total: 244 creatures vanquished

Notes
Turn   | Place    | Note
-------+----------+-------------------------------------------
     0 | D:1      | EnegeticOcto the Deep Dwarf Fighter began the quest for the
                  | Orb.
     0 | D:1      | Reached XP level 1. HP: 20/20 MP: 1/1
   169 | D:1      | Reached XP level 2. HP: 22/27 MP: 2/2
   329 | D:1      | Reached skill level 3 in Axes
   330 | D:1      | Reached XP level 3. HP: 18/33 MP: 3/3
   704 | D:3      | Reached XP level 4. HP: 41/42 MP: 4/4
   792 | D:3      | Found a shimmering blue altar of Sif Muna.
   880 | D:3      | Found a broken altar of Ashenzari.
   880 | D:3      | Found a burning altar of Makhleb.
  1163 | D:3      | Found an ancient bone altar of Kikubaaqudgha.
  1280 | D:3      | Became a worshipper of Makhleb the Destroyer
  1685 | D:4      | Found a blossoming altar of Fedhas.
  1739 | D:4      | Reached skill level 4 in Axes
  1739 | D:4      | Reached XP level 5. HP: 35/49 MP: 5/5
  1905 | D:4      | Reached skill level 1 in Invocations
  2084 | D:4      | Identified the +1 pair of boots of the Sun {rC+ Regen+
                  | Str+2}
  2294 | D:5      | Entered Level 5 of the Dungeon
  2294 | D:5      | Noticed Ijyb
  2300 | D:5      | Noticed a steam dragon
  2302 | D:5      | Killed Ijyb
  2303 | D:5      | Reached XP level 6. HP: 44/56 MP: 7/7
  2314 | D:5      | Killed a steam dragon
  2315 | D:5      | Reached skill level 5 in Axes
  2355 | D:5      | Noticed Prince Ribbit
  2380 | D:5      | Killed Prince Ribbit
  2381 | D:5      | Reached skill level 5 in Armour
  2381 | D:5      | Reached XP level 7. HP: 27/64 MP: 6/8
  2430 | D:5      | Reached skill level 6 in Axes
  2641 | D:5      | Found a white marble altar of Elyvilon.
  2648 | D:5      | Found a staircase to the Ecumenical Temple.
  2994 | D:5      | Identified a scroll of acquirement
  2994 | D:5      | Acquired the ring "Xasukkiu" {+Blink rPois Will+ Int-5}
  3100 | D:6      | Reached * piety under Makhleb
  3197 | D:6      | Found Doucs's Mass Market.
  3215 | D:6      | Reached XP level 8. HP: 30/73 MP: 10/10
  3284 | D:6      | Reached skill level 7 in Axes
  3506 | D:6      | Reached skill level 5 in Fighting
  3506 | D:6      | Reached skill level 5 in Invocations
  4199 | D:7      | Reached skill level 8 in Axes
  4552 | D:7      | Reached ** piety under Makhleb
  4553 | D:7      | Gained mutation: You passively map the area around you.
                  | [Deep Dwarf growth]
  4553 | D:7      | Reached XP level 9. HP: 40/81 MP: 10/10
  4616 | D:8      | Found Diolib's Assorted Antiques.
  4699 | D:8      | Found an iron altar of Okawaru.
  4753 | D:8      | Found Dysegiqips's Assorted Antiques.
  4784 | D:8      | Found Yrerud Asal's Antique Weapon Shoppe.
  4790 | D:8      | Bought a glowing war axe for 208 gold pieces
  5039 | D:8      | Reached skill level 9 in Axes
  5049 | D:8      | Found Bumyr's Magic Scroll Shoppe.
  5061 | D:8      | Bought a scroll of enchant weapon for 120 gold pieces
  5061 | D:8      | Bought a scroll of fog for 32 gold pieces
  5323 | D:9      | Found a hide-covered altar of Uskayaw.
  5324 | D:9      | Found a sacrificial altar of Ru.
  5453 | D:9      | Found a runed translucent gate.
  5454 | D:9      | Found a runed translucent gate.
  5454 | D:9      | Found a runed translucent gate.
  5455 | D:9      | Noticed a green ugly thing
  5455 | D:9      | Noticed a brown ugly thing
  5456 | D:9      | Noticed a red ugly thing
  5456 | D:9      | Noticed a red ugly thing
  5457 | D:9      | Noticed a cyan ugly thing
  5484 | D:9      | Reached skill level 5 in Shields
  5749 | D:9      | Reached skill level 10 in Axes
  5786 | D:9      | Found a shadowy altar of Dithmenos.
  5819 | D:9      | Found a glowing golden altar of the Shining One.
  5852 | D:9      | Reached XP level 10. HP: 38/92 MP: 10/10
  6190 | D:10     | Entered Level 10 of the Dungeon
  6261 | D:10     | Found Wedenisch's Distillery.
  6323 | D:10     | Found a staircase to the Orcish Mines.
  6325 | D:10     | Noticed a two-headed ogre
  6334 | D:10     | Killed a two-headed ogre
  6383 | D:10     | Reached *** piety under Makhleb
  6408 | D:10     | Found a shimmering altar of Xom.
  6520 | D:10     | Found a glowing silver altar of Zin.
  6520 | D:10     | Noticed an angel
  6635 | D:11     | Noticed a boulder beetle
  6651 | D:11     | Killed a boulder beetle
  6652 | D:11     | Reached skill level 11 in Axes
  6691 | D:11     | Reached XP level 11. HP: 39/100 MP: 12/12
  6693 | D:11     | Found a staircase to the Lair.
  6766 | D:11     | Noticed Gastronok
  6785 | D:11     | Killed Gastronok
  6837 | D:11     | Noticed a boulder beetle
  6838 | D:11     | Noticed an ettin
  6841 | D:11     | Noticed a five-headed hydra
  6850 | D:11     | Slain by an ettin

Illustrated notes

Levels and vault maps discovered:
D:1:      minmay_arrival_four_circles, layout_basic,
          dilly_ecumenical_altar_fadedgnrine, st_stairs_11
D:2:      layout_basic, serial_shops, shop, basic_altar, lemuel_old_faithful
D:3:      layout_basic, lemuel_crystal_altar, mainiacjoe_overflow_brackets,
          gammafunk_temple_overflow_elements, st_stairs_10
D:4:      layout_basic, mainiacjoe_overflow_24_doors, minivault_27
D:5:      layout_cave_pools, lemuel_doored_altar,
          minmay_temple_entry_large_hall, uniq_prince_ribbit1, uniq_ijyb
D:6:      layout_basic, minmay_shop_mass, minmay_misc_feat_encased
D:7:      layout_loops_cross
D:8:      layout_loops_ring, mainiacjoe_overflow_alcove_2, serial_shops,
          nicolae_shop_statue_plus, nicolae_stop_n_shop_1,
          nicolae_stop_n_shop_2, nicolae_shop_window_shopping
D:9:      layout_loops_corners, lemuel_round_altar,
          nicolae_dithmenos_the_darkroom, mainiacjoe_overflow_divided_tiny,
          ploomutoo_gammafunk_ghost_potion_laboratory, chequers_decorated_corner
D:10:     layout_rooms, zin_angel, mainiacjoe_overflow_catwalk, orc_0_dummy,
          serial_shops, shop_fountains
D:11:     wad_statue_garden, layout_loops_ring, due_lair_maze_entry_diamond,
          kennysheep_generic_room_2, uniq_nergalle, uniq_gastronok

Skill      XL: |  1  2  3  4  5  6  7  8  9 10 11 |
---------------+----------------------------------+-----
Axes           | 3 4 5 6 8 10 11 | 11.9
Fighting       | 3 4 5 6 7 |  7.5
Armour         | 4 5 6 7 8 9 |  9.2
Shields        | 4 5 6 7 |  7.1
Invocations    | 1 3 4 6 7 9 |  9.6

Action                   |  1- 3 |  4- 6 |  7- 9 | 10-12 || total
-------------------------+-------+-------+-------+-------++-------
Melee: War axe           |    98 |   135 |   304 |   131 ||   668
Invok: Lesser Servant of |       |       |       |     1 ||     1
 Abil: Heal Wounds       |     1 |    10 |    14 |     9 ||    34
  Use: Scroll            |       |       |    16 |       ||    16
Armor: Scale mail        |    52 |    45 |    71 |       ||   168
       Plate armour      |       |       |   156 |    83 ||   239
Dodge: Dodged            |    35 |    75 |   131 |    25 ||   266
Block: Kite shield       |    60 |    40 |    36 |    71 ||   207
